 Dungeon Crawl Stone Soup version 0.26.0-45-g9c1d065592 (webtiles) character file.

Game seed: 13953267577821664388

39 thiole the Stinger (level 3, -1/21 HPs)
             Began as an Octopode Venom Mage on Jan 27, 2021.
             Slain by an orc
             ... wielding a +0 mace
              (6 damage)
             ... on level 3 of the Dungeon.
             The game lasted 00:02:44 (2498 turns).

thiole the Stinger (Octopode Venom Mage)            Turns: 2498, Time: 00:02:45

Health: -1/21      AC:  1    Str:  7    XL:     3   Next: 47%
Magic:  1/6        EV: 13    Int: 18    God:
Gold:   107        SH:  3    Dex: 12    Spells: 2/6 levels left

rFire    . . .     SeeInvis .   (no weapon)
rCold    . . .     Faith    .   c - +0 buckler
rNeg     . . .     Spirit   .   (helmet restricted)
rPois    .         Reflect  .   (no amulet)
rElec    .         Harm     .   (no ring)
rCorr    .         Rampage  .   (no ring)
Will     .....                  (no ring)
Stlth    +++.......             (no ring)
HPRegen  0.07/turn              (no ring)
MPRegen  0.10/turn              (no ring)
                                (no ring)
                                (no ring)

@: attractive, very slightly contaminated
A: almost no armour, stealthy swim, amphibious, 8 rings, constrict 8, camouflage
1, gelatinous body 1
a: no special abilities


You were on level 3 of the Dungeon.
You visited 1 branch of the dungeon, and saw 3 of its levels.

You collected 107 gold pieces.

Inventory:

Missiles
 h - 24 poisoned darts
Armour
 c - a +0 buckler (worn)
Scrolls
 a - a scroll of fear {unknown}
 b - a scroll of amnesia {unknown}
 d - 3 scrolls of identify {unknown}
 g - 2 scrolls of magic mapping {unknown}
 j - a scroll of teleportation {unknown}
 l - a scroll of fog {unknown}
Potions
 e - a potion of berserk rage {unknown}
 f - a potion of curing {unknown}
 i - a potion of brilliance {unknown}
 k - a potion of attraction
 m - a potion of mutation {unknown}


   Skills:
 - Level 2.0 Dodging
 - Level 2.6 Stealth
 + Level 0.8 Shields
 * Level 2.3 Spellcasting
 * Level 1.9 Transmutations
 + Level 0.3 Fire Magic
 * Level 4.2 Poison Magic


You had 2 spell levels left.
You knew the following spells:

 Your Spells              Type           Power        Failure   Level
a - Sting                 Tmut/Pois      52%          7%          1
b - Ignite Poison         Fire/Tmut/Pois 9%           30%         3

Your spell library contained the following spells:

 Spells                   Type           Power        Failure   Level
 Poisonous Vapours        Pois/Air       18%          16%         2
 Mephitic Cloud           Conj/Pois/Air  7%           38%         3
 Olgreb's Toxic Radiance  Pois           17%          41%         4


Dungeon Overview and Level Annotations

Branches:
Dungeon (3/15)

Altars:
Wu Jian

Annotations:
D:2 1 runed translucent door, Crazy Yiuf
D:3 Terence


Innate Abilities, Weirdness & Mutations

You cannot wear most types of armour.
You are very stealthy in the water. (Stealth+)
You are amphibious.
You can wear up to eight rings at the same time.
You can use your tentacles to constrict eight enemies at once.
Your skin changes colour to match your surroundings (Stealth+).
Your rubbery body absorbs attacks. (AC +1, EV +1)


Message History

You block the orc's attack.
Unknown command.
Okay, then.
You tentacle-slap the orc but do no damage.
Your grab misses the orc.
The orc is moderately wounded.
The orc hits you with a +0 mace!
Casting: Sting (safe; 7% risk of failure)
Confirm with . or Enter, or press ? or * to list all spells.
Aiming: Sting (safe; 7% risk of failure)
Press: ? - help, Shift-Dir - straight line, f/p - orc
Aim: an orc, wielding a +0 mace (heavily wounded, poisoned, 29% to evade)
You miscast Sting.
Nothing appears to happen.
The orc looks more healthy.
The orc hits you with a +0 mace.
* * * LOW HITPOINT WARNING * * *
The orc misses you.
It was a potion of attraction.
You feel attractive to monsters. You block the orc's attack.
The orc hits you with a +0 mace.
You die...

.....@... #
.......#. #.
..!..$.. #..
!....o.
#...#.g....
#..<.w...
#w...##g.###
### #.#.
...# #@# #
#....
#...So#o#
#### #.###.#
#.# ## ...
... .....
####


You could see an adder and 2 orcs.

Vanquished Creatures
  An adder (D:2)
  2 worms (D:2)
  A leopard gecko (D:2)
  2 hobgoblins
  A kobold (D:1)
  7 bats
  4 frilled lizards
  2 goblins
  7 rats
27 creatures vanquished.

Notes
Turn   | Place    | Note
-------+----------+-------------------------------------------
     0 | D:1      | thiole the Octopode Venom Mage began the quest for the Orb.
     0 | D:1      | Reached XP level 1. HP: 11/11 MP: 3/3
   786 | D:1      | Reached XP level 2. HP: 17/17 MP: 3/5
  1207 | D:2      | Reached skill level 4 in Poison Magic
  1515 | D:2      | Reached XP level 3. HP: 20/21 MP: 0/6
  1519 | D:2      | Learned a level 3 spell: Ignite Poison
  1708 | D:2      | Found an ornate altar of the Wu Jian Council.
  1806 | D:2      | Found a runed translucent door.
  1807 | D:2      | Noticed Crazy Yiuf
  2090 | D:2      | Found a faded altar of an unknown god.
  2464 | D:3      | Noticed Terence
  2498 | D:3      | Slain by an orc

Illustrated notes

Levels and vault maps discovered:
D:1:      nagdon_arrival_double_spiral, layout_loops_ring
D:2:      layout_loops_ring, general_overflow_altar,
          chequers_ecumenical_altar_simple_redux, hangedman_feature_mirror,
          minmay_rat_gold_closets, uniq_crazy_yiuf_cottage
D:3:      layout_loops_ring, lemuel_round_altar, uniq_terence

Skill      XL: |  1  2 |
---------------+-------+-----
Poison Magic   | 4 |  4.2
Dodging        | |  2.0
Stealth        | |  2.6
Shields        | |  0.8
Spellcasting   | |  2.3
Transmutations | |  1.9
Fire Magic     | |  0.3

Action                   || total
-------------------------++-------
Melee: Unarmed           ||    17
       Constrict         ||     8
       Tentacles         ||     3
 Cast: Sting             ||    53
  Use: Potion            ||     1
Armor: Skin              ||     1
Dodge: Dodged            ||    14
Block: Buckler           ||     5
